 Dungeon Crawl Stone Soup version 0.29.1-14-g9c671dbff4 (webtiles) character file.

Game seed: 17012944485146650846

5973 nonceun the Cleaver (level 10, -8/88 HPs)
             Began as a Minotaur Berserker on Feb 12, 2023.
             Was an Elder of Trog.
             Mangled by an orc warrior
             ... wielding a +0 flail
              (10 damage)
             ... on level 9 of the Dungeon.
             The game lasted 00:35:33 (7267 turns).

nonceun the Cleaver (Minotaur Berserker)            Turns: 7267, Time: 00:35:34

Health: -8/88      AC: 18    Str: 25    XL:     10   Next: 55%
Magic:  9/9        EV:  9    Int:  6    God:    Trog [****..]
Gold:   432        SH:  5    Dex:  9    Spells: 9/9 levels left

rFire   . . .      SeeInvis .   a - +2 war axe
rCold   . . .      Faith    .   (no shield)
rNeg    . . .      Spirit   .   G - +0 plate armour
rPois   .          Reflect  +   (helmet restricted)
rElec   .          Harm     .   H - +0 cloak
rCorr   .          Rampage  .   (no gloves)
Will    .....                   (no boots)
Stlth   ..........              h - amulet of reflection
HPRegen 0.24/turn               (no ring)
MPRegen 0.11/turn               k - +4 ring of protection

@: no status effects
A: horns 2, retaliatory headbutt
a: Renounce Religion, Berserk, Trog's Hand, Brothers in Arms


You were on level 9 of the Dungeon.
You worshipped Trog.
Trog was greatly pleased with you.
You visited 1 branch of the dungeon, and saw 9 of its levels.
You also visited: Ossuary.

You collected 432 gold pieces.

Inventory:

Hand Weapons
 a - a +2 war axe (weapon)
 I - a +2 battleaxe
Missiles
 g - 45 stones (quivered)
Armour
 c - a +1 ring mail of fire resistance
 z - a +0 tower shield
 G - a +0 plate armour (worn)
 H - a +0 cloak (worn)
 L - an orb of light
Jewellery
 e - a ring of flight
 h - an amulet of reflection (around neck)
 k - a +4 ring of protection (right hand)
Wands
 J - a wand of digging (3)
 M - a wand of acid (6)
Scrolls
 b - 4 scrolls of vulnerability {unknown}
 d - 3 scrolls of fear {unknown}
 f - a scroll of enchant armour {unknown}
 i - a scroll of brand weapon {unknown}
 m - 2 scrolls of magic mapping {unknown}
 p - 5 scrolls of identify {unknown}
 q - 5 scrolls of teleportation {unknown}
 r - a scroll of immolation {unknown}
 t - a scroll of amnesia {unknown}
 v - 4 scrolls of fog {unknown}
 w - 2 scrolls of summoning {unknown}
 y - a scroll of noise {unknown}
 D - 3 scrolls of enchant weapon {unknown}
 F - a scroll of blinking {unknown}
Potions
 j - a potion of magic {unknown}
 l - a potion of degeneration {unknown}
 n - 2 potions of brilliance {unknown}
 o - a potion of might {unknown}
 s - 2 potions of haste {unknown}
 u - a potion of lignification {unknown}
 x - a potion of resistance {unknown}
 A - a potion of curing {unknown}
 B - a potion of mutation {unknown}
 C - a potion of invisibility {unknown}
 E - a potion of cancellation {unknown}
 K - a potion of attraction {unknown}


   Skills:
 * Level 8.1 Fighting
 + Level 13.9 Axes
 * Level 7.4 Armour
 * Level 6.7 Dodging
 + Level 5.0 Shields


You had 9 spell levels left.
You didn't know any spells.
Your spell library contained the following spells:

 Spells                   Type           Power      Damage    Failure   Level
 Freeze                   Ice            0%         1d3       99%         1
 Call Canine Familiar     Summ           0%         N/A       100%        3
 Frozen Ramparts          Ice            0%         1d1       100%        3
 Portal Projectile        Hex/Tloc       0%         N/A       100%        3
 Anguish                  Hex/Necr       0%         N/A       100%        4
 Hailstorm                Conj/Ice       0%         3d3       100%        4
 Leda's Liquefaction      Hex/Erth       0%         N/A       100%        4
 Enfeeble                 Hex            0%         N/A       100%        7


Dungeon Overview and Level Annotations

Branches:
Dungeon (9/15)             Temple (0/1) D:7            Lair (0/5) D:9
    Orc (0/2) D:9         Ossuary (visited)

Altars:
Fedhas
Ru
Vehumet
Wu Jian

Shops:
D:2 =   D:9 *

Annotations:
D:3 !grinder, Grinder
D:5 !edmund, eustachio, Edmund, Eustachio


Innate Abilities, Weirdness & Mutations

You have a pair of horns on your head.
You reflexively headbutt those who attack you in melee.


Message History

You hit something.
The orc warrior hits you with a +0 flail.
Something hits you. You block the orc warrior's attack.
Keep disrobing?
You hear some strange, mumbled words.
Something tries to affect you, but you resist.
Something hits you but does no damage.
You start removing your armour.
You continue taking off your +0 tower shield.
The orc warrior hits you with a +0 flail.
Something hits you but does no damage. Something hits you.
You continue taking off your +0 tower shield.
You block the orc warrior's attack. Something hits you but does no damage.
You block something's attack.
You continue taking off your +0 tower shield.
Something hits you but does no damage.
You are electrocuted!
The orc warrior hits you but does no damage.
Something hits you.
You continue taking off your +0 tower shield.
The orc warrior hits you with a +0 flail!
You hear some strange, mumbled words.
A magic dart appears from out of thin air!
The magic dart hits you but does no damage.
Something hits you.
You finish taking off your +0 tower shield.
Something hits you but does no damage.
You are electrocuted!
Keep equipping yourself?
The orc warrior closely misses you. Something hits you but does no damage.
You start putting on your armour.
You continue putting on your orb of light.
The orc warrior hits you but does no damage.
Something hits you.
You are electrocuted!
* * * LOW HITPOINT WARNING * * *
You block something's attack.
You continue putting on your orb of light.
Something hits you but does no damage.
You are electrocuted!
* * * LOW HITPOINT WARNING * * *
The orc warrior hits you with a +0 flail!
You die...

####....#
#........#
#..#.#... #.#...#.#
# #...∩...#.#
#.#...#.#.#
#..#{#....###
#..{@o..#...#
###.(..##...#
#.........#
#.....#.>.
####.##...#########
###.##............
#...##...........#
#.####............
###.# #...........#


You could see an orc warrior.

Vanquished Creatures
  A two-headed ogre (D:8)
  Maurice (D:8)
  6 yaks (D:9)
  A shadow (D:9)
  2 water moccasins
  2 black bears
  2 ice beasts (D:6)
  2 sky beasts (D:7)
  4 orc warriors
  3 ogres
  2 centaurs
  A phantom (D:5)
  2 kobold brigands
  A necrophage (D:6)
  A bullfrog (D:6)
  3 scorpions
  A gnoll sergeant (D:6)
  9 wights
  3 killer bees (D:8)
  4 howler monkeys
  A quasit (D:5)
  2 centaur zombies (Ossuary)
  A jelly (D:4)
  A gnoll bouda (D:8)
  8 orc priests
  Jessica (D:3)
  6 iguanas
  5 orc wizards
  5 mummies (Ossuary)
  8 adders
  11 gnolls
  5 shadow imps
  5 white imps
  5 ufetubi (D:5)
  A worm (D:3)
  A dart slug (D:1)
  30 orcs
  2 ball pythons (D:2)
  A bat (D:2)
  3 endoplasms
  4 giant cockroaches
  3 goblins
  4 hobgoblins
  8 jackals
  3 quokkas
  A frilled lizard (D:1)
  3 hobgoblin zombies (Ossuary)
  18 kobolds
  5 rats
202 creatures vanquished.

Vanquished Creatures (others)
  2 demonic plants (D:5)
2 creatures vanquished.

Grand Total: 204 creatures vanquished

Notes
Turn   | Place    | Note
-------+----------+-------------------------------------------
     0 | D:1      | nonceun the Minotaur Berserker began the quest for the Orb.
     0 | D:1      | Reached XP level 1. HP: 19/19 MP: 0/0
     2 | D:1      | Noticed a draconian
     4 | D:1      | Noticed an ogre
     4 | D:1      | Noticed a tengu
     6 | D:1      | Noticed a merfolk
     6 | D:1      | Noticed a vampire
     8 | D:1      | Noticed a demonspawn
     8 | D:1      | Noticed a ghoul
    10 | D:1      | Noticed an octopode
    12 | D:1      | Noticed a meteoran
    12 | D:1      | Noticed a felid
    14 | D:1      | Noticed an elf
    16 | D:1      | Noticed a demigod
    16 | D:1      | Noticed a vine stalker
    18 | D:1      | Noticed a formicid
    18 | D:1      | Noticed a troll
    20 | D:1      | Noticed a palentonga
    20 | D:1      | Noticed a spriggan
    22 | D:1      | Noticed a gargoyle
    22 | D:1      | Noticed a human
    24 | D:1      | Noticed a felid
    24 | D:1      | Noticed a naga
    26 | D:1      | Noticed a draconian
    26 | D:1      | Noticed a vine stalker
   349 | D:1      | Reached skill level 4 in Axes
   843 | D:2      | Reached XP level 2. HP: 26/26 MP: 1/1
  1183 | D:2      | Reached skill level 5 in Axes
  1183 | D:2      | Reached XP level 3. HP: 27/31 MP: 2/2
  1505 | D:2      | Reached XP level 4. HP: 36/39 MP: 3/3
  1624 | D:2      | Found Moseskaq's Jewellery Boutique.
  1732 | D:3      | Reached skill level 6 in Axes
  1778 | D:3      | Reached ** piety under Trog
  1885 | D:3      | Found a blossoming altar of Fedhas.
  1888 | D:3      | Found a radiant altar of Vehumet.
  1891 | D:3      | Found a sacrificial altar of Ru.
  1894 | D:3      | Found an ornate altar of the Wu Jian Council.
  1916 | D:3      | Noticed Grinder
  1935 | D:3      | Paralysed by Grinder for 2 turns
  2044 | D:3      | Noticed Jessica
  2045 | D:3      | Found a faded altar of an unknown god.
  2050 | D:3      | Killed Jessica
  2051 | D:3      | Reached skill level 7 in Axes
  2051 | D:3      | Reached XP level 5. HP: 42/45 MP: 4/4
  2367 | D:4      | Reached skill level 8 in Axes
  2367 | D:4      | Reached XP level 6. HP: 51/51 MP: 5/5
  2527 | D:4      | Reached skill level 9 in Axes
  3188 | D:5      | Entered Level 5 of the Dungeon
  3190 | D:5      | Noticed Edmund
  3241 | D:5      | Reached XP level 7. HP: 39/58 MP: 6/6
  3488 | D:5      | Reached *** piety under Trog
  3627 | D:5      | Noticed Eustachio
  3966 | D:6      | Reached skill level 5 in Fighting
  3966 | D:6      | Reached skill level 10 in Axes
  3966 | D:6      | Reached XP level 8. HP: 43/68 MP: 7/7
  4083 | D:6      | You fall into a shaft and drop 2 floors!
  4092 | D:8      | Reached skill level 5 in Armour
  4158 | D:7      | Found a staircase to the Ecumenical Temple.
  4164 | D:7      | Noticed a kobold demonologist
  4184 | D:8      | Reached skill level 5 in Dodging
  4318 | D:7      | Reached skill level 11 in Axes
  4404 | D:7      | Reached skill level 12 in Axes
  4422 | D:7      | Reached XP level 9. HP: 74/74 MP: 8/8
  4514 | D:6      | Found a sand-covered staircase.
  4518 | Ossuary  | Entered an ossuary
  4787 | D:6      | Identified the +6 scale mail of Absence {rElec rC- Will+
                  | SInv}
  5477 | D:7      | Noticed an ice devil
  5480 | D:7      | Reached skill level 1 in Shields
  5481 | D:7      | Noticed a soul eater
  5485 | D:7      | Noticed a red devil
  5494 | D:7      | Noticed a sixfirhy
  5503 | D:8      | Reached skill level 13 in Axes
  5831 | D:8      | Noticed Maurice
  5911 | D:8      | Killed Maurice
  6379 | D:9      | Reached XP level 10. HP: 75/86 MP: 9/9
  6477 | D:9      | Noticed a two-headed ogre
  6489 | D:8      | Reached **** piety under Trog
  6602 | D:8      | Killed a two-headed ogre
  7013 | D:9      | Reached skill level 5 in Shields
  7100 | D:9      | Found a staircase to the Orcish Mines.
  7105 | D:9      | Found a staircase to the Lair.
  7247 | D:9      | Found Onu Wubb's Overcharged Wands.
  7267 | D:9      | HP: 2/88 [something (17)]
  7267 | D:9      | Mangled by an orc warrior

Illustrated notes

Levels and vault maps discovered:
D:1:      kb_arrival_jail, layout_basic
D:2:      layout_basic, serial_shops, nicolae_shop_crystal, feat_on_display
D:3:      layout_basic, nicolae_tso_besieged_by_evil, makhleb_altar_promises_db,
          grunt_temple_overflow_cloverleaf, ebering_ecumenical_altar_box,
          grunt_ministairs_1, chequers_serial_rivers_micro_c,
          minmay_splitting_lines, uniq_jessica, uniq_grinder, uniq_terence
D:4:      layout_basic, kennysheep_generic_room_5
D:5:      layout_gridville, serial_demonic, serial_demonic_e, serial_demonic_g,
          serial_demonic_e, serial_demonic_e, serial_demonic_a, uniq_menkaure,
          uniq_eustachio, uniq_edmund, uniq_ijyb
D:6:      layout_loops_corners, nicolae_ossuary_entry_false_entrances,
          minmay_strange_pillars, chequers_serial_rivers_room_b,
          kennysheep_generic_room_7
D:7:      layout_basic, old_standard_altar, temple_statues, serial_curves,
          eino_curves_01, eino_curves_04
D:8:      layout_basic, feat_on_display, uniq_maurice
D:9:      layout_rooms, lemuel_coloured_pillars_altar,
          nicolae_elyvilon_peaceful_grove, lair_entry_dummy, serial_shops, shop,
          hangedman_weighted_door, nicolae_shop_overcharged_wands

Skill      XL: |  1  2  3  4  5  6  7  8  9 10 |
---------------+-------------------------------+-----
Axes           | 4 5 7 8 9 10 12 13 | 13.9
Fighting       | 5 7 8 |  8.1
Armour         | 4 5 6 7 |  7.4
Dodging        | 4 5 6 |  6.7
Shields        | 2 5 |  5.0

Action                   |  1- 3 |  4- 6 |  7- 9 | 10-12 || total
-------------------------+-------+-------+-------+-------++-------
Melee: Hand axe          |    64 |       |       |       ||    64
       Headbutt          |    10 |    14 |    51 |    16 ||    91
       Punch             |     1 |     1 |     6 |       ||     8
       War axe           |       |   103 |   312 |    87 ||   502
Invok: Berserk           |     1 |     1 |     3 |       ||     5
       Trog's Hand       |       |       |    14 |     2 ||    16
Armor: Ring mail         |    14 |    23 |   100 |       ||   137
       Scale mail        |       |     4 |       |       ||     4
       Plate armour      |       |       |    83 |    44 ||   127
Dodge: Dodged            |    27 |    35 |   150 |    16 ||   228
Block: Other             |    11 |    14 |    87 |     1 ||   113
       Reflection        |       |       |     4 |     5 ||     9
       Tower shield      |       |       |    25 |    71 ||    96
       Orb               |       |       |       |     1 ||     1
